[Event "Late-Titled-Tuesday-Blitz-March-12-2024"]
[Site "Chess.com"]
[Date "2024.03.12"]
[Round "8"]
[White "Jarming"]
[Black "sergiochess83"]
[Result "0-1"]
[WhiteElo "2663"]
[BlackElo "2903"]
[TimeControl "180+1"]
[EndTime "15:25:08 PDT"]
[Termination "sergiochess83 won by resignation"]

1. c4 Nf6 2. g3 e5 3. Bg2 c6 4. Nf3 e4 5. Nd4 d5 6. cxd5 Qxd5 7. Nc2 Qh5 8. h3 Nbd7 9. Nc3 Nc5 10. b4 Ne6 11. Nxe4 Nxe4 12. Bxe4 Qe5 13. Bg2 Bxb4 14. Rb1 Be7 15. Bb2 Qa5 16. O-O O-O 17. d4 Rd8 18. e4 Bf6 19. d5 Bxb2 20. Rxb2 cxd5 21. exd5 Nc5 22. Nd4 Bd7 23. Qh5 Qc3 24. Rc2 Qxd4 25. Rd1 Qb4 26. d6 Ba4 27. Rxc5 Bxd1 28. Qd5 Ba4 29. Rc7 Rd7 30. Qxb7 Qxb7 31. Bxb7 Rad8 0-1

[Event "Late-Titled-Tuesday-Blitz-March-12-2024"]
[Site "Chess.com"]
[Date "2024.03.12"]
[Round "8"]
[White "IranianCheetah"]
[Black "agus_k"]
[Result "0-1"]
[WhiteElo "2370"]
[BlackElo "2580"]
[TimeControl "180+1"]
[EndTime "15:25:08 PDT"]
[Termination "agus_k won by resignation"]

1. e4 c5 2. Nf3 d6 3. d4 cxd4 4. Nxd4 Nf6 5. Nc3 a6 6. h3 g6 7. Bg5 Bg7 8. Qd2 O-O 9. Bh6 Nc6 10. Bxg7 Kxg7 11. g4 Qb6 12. Nb3 Be6 13. O-O-O a5 14. g5 Nh5 15. Nd5 Bxd5 16. exd5 Nb4 17. a3 a4 18. Na1 Na6 19. Be2 Qxf2 20. Qc3+ Kg8 21. Bxh5 gxh5 22. Kb1 Rac8 23. Qd3 Nc5 24. Qb5 Ne4 25.
Qxa4 Nd2+ 26. Ka2 Rc4 27. Qb5 Rfc8 28. c3 Ne4 29. Rd3 Rxc3 30. Rxc3 Nxc3+ 0-1

[Event "Late-Titled-Tuesday-Blitz-March-12-2024"]
[Site "Chess.com"]
[Date "2024.03.12"]
[Round "8"]
[White "RandomNoob04"]
[Black "stollenmonster"]
[Result "1-0"]
[WhiteElo "2659"]
[BlackElo "2844"]
[TimeControl "180+1"]
[EndTime "15:25:11 PDT"]
[Termination "RandomNoob04 won by resignation"]

1. e4 c5 2. d4 cxd4 3. c3 d3 4.
Bxd3 Nc6 5. Nf3 g6 6. O-O Bg7 7. c4 d6 8. h3 Nf6 9. Nc3 O-O 10. Be3 e6 11. Re1 d5 12. exd5 exd5 13. Bc5 Re8 14. Rxe8+ Qxe8 15. cxd5 Ne5 16. Nxe5 Qxe5 17. Qd2 Bd7 18. Re1 Qh5 19. Bd4 Rd8 20. Be2 Qh4 21. Bf3 b6 22. Ne4 Bf5 23. Bxf6 Bxf6 24. g3 Bxe4 25.
gxh4 Bxf3 26. Qf4 1-0

[Event "Late-Titled-Tuesday-Blitz-March-12-2024"]
[Site "Chess.com"]
[Date "2024.03.12"]
[Round "8"]
[White "Vesapesa"]
[Black "RianKapriaga"]
[Result "0-1"]
[WhiteElo "2202"]
[BlackElo "2285"]
[TimeControl "180+1"]
[EndTime "15:25:13 PDT"]
[Termination "RianKapriaga won by resignation"]

1. e4 c6 2. d4 d5 3. exd5 cxd5 4. Bd3 Nf6 5. c3 Nc6 6. Bf4 Bg4 7. Qb3 Qc8 8. Nd2 e6 9. Ngf3 Be7 10. O-O Bh5 11.
Rfe1 Bg6 12. Bf1 O-O 13. Ne5 Nxe5 14. Bxe5 Nd7 15. Rac1 Nxe5 16. dxe5 Rd8 17. c4 Qd7 18. c5 Bg5 19. Rcd1 Rac8 20. Nf3 Be7 21. Bb5 Qc7 22. Rc1 Bxc5 23. Qd1 Qb6 24. Qe2 a6 25. Ba4 d4 26. Qc4 h6 27. Bb3 d3 28. Qh4 d2 0-1

[Event "Late-Titled-Tuesday-Blitz-March-12-2024"]
[Site "Chess.com"]
[Date "2024.03.12"]
[Round "8"]
[White "Perecke"]
[Black "the_blue_pill"]
[Result "1-0"]
[WhiteElo "2624"]
[BlackElo "2465"]
[TimeControl "180+1"]
[EndTime "15:25:15 PDT"]
[Termination "Perecke won on time"]

1. e4 c5 2. Nf3 d6 3. d4 cxd4 4. Nxd4 Nf6 5. Nc3 g6 6. Be3 Bg7 7. f3 O-O 8. Qd2 Nc6 9. O-O-O d5 10. exd5 Nxd5 11. Nxc6 bxc6 12. Bd4 e5 13. Bc5 Re8 14. Ne4 Qc7 15. h4 f5 16. Nd6 Rd8 17.
h5 Rxd6 18. Bxd6 Qxd6 19. c4 Qc5 20. Kb1 Ne7 21. hxg6 hxg6 22. Qd8+ Kf7 23. Rh7 e4 24.
f4 Rb8 25. b3 Qa3 26. Qd4 Rxb3+ 27. axb3 Qxb3+ 28. Kc1 Qa3+ 29. Kd2 Qa5+ 30. Ke2 1-0

[Event "Late-Titled-Tuesday-Blitz-March-12-2024"]
[Site "Chess.com"]
[Date "2024.03.12"]
[Round "8"]
[White "The_Machine04"]
[Black "Slovak_fighter2000"]
[Result "1-0"]
[WhiteElo "2819"]
[BlackElo "2622"]
[TimeControl "180+1"]
[EndTime "15:25:17 PDT"]
[Termination "The_Machine04 won by resignation"]

1. d4 Nf6 2. Nf3 d5 3. e3 Bg4 4. h3 Bh5 5. g4 Bg6 6. Ne5 Nfd7 7. Nxg6 hxg6 8. Bg2 c6 9. Nd2 e5 10. e4 dxe4 11. Nxe4 Be7 12. dxe5 Nxe5 13. Qxd8+ Kxd8 14. Bf4 Nbd7 15. O-O-O f6 16. Ng5 fxg5 17. Bxe5 Bf6 18. Bd6 Re8 19. Rhe1 Rxe1 20. Rxe1 a5 21. Be4 Ne5 22.
Rd1 Ke8 23. Bc7 Ke7 24. a4 Rh8 25. Bg2 Ra8 26. Re1 Ke6 27. h4 Re8 28. hxg5 Bxg5+ 29. Kb1 Bf4 30. Bxe5 Bxe5 31. f4 1-0

[Event "Late-Titled-Tuesday-Blitz-March-12-2024"]
[Site "Chess.com"]
[Date "2024.03.12"]
[Round "8"]
[White "Shahdad2007"]
[Black "AlexandreHouhou"]
[Result "1-0"]
[WhiteElo "2583"]
[BlackElo "2357"]
[TimeControl "180+1"]
[EndTime "15:25:17 PDT"]
[Termination "Shahdad2007 won by resignation"]

1. Nf3 d5 2. c4 c6 3. e3 Nf6 4.
Nc3 e6 5. d4 Nbd7 6. Be2 Bd6 7.
O-O O-O 8. b3 Qe7 9. Bb2 e5 10.
dxe5 Nxe5 11. cxd5 Rd8 12. h3 cxd5 13. Nb5 Bb8 14.
Rc1 Bf5 15. Nfd4 Bg6 16. Ba3 Qd7 17. Nc3 a6 18. Na4 Ba7 19. Nc5 Qe7 20. b4 Rac8 21. Qb3 Ne4 22. Nxe4 Bxe4 23. b5 Qg5 24. f3 Rxc1 25. Rxc1 Bxd4 26. exd4 Bf5 27. f4 Qxf4 28. dxe5 d4 29. Rf1 Qxe5 30. Bb2 Bxh3 31. Qxf7+ Kh8 32.
Qf8+ 1-0

[Event "Late-Titled-Tuesday-Blitz-March-12-2024"]
[Site "Chess.com"]
[Date "2024.03.12"]
[Round "8"]
[White "Mikasinski"]
[Black "ATM622"]
[Result "1-0"]
[WhiteElo "2659"]
[BlackElo "2486"]
[TimeControl "180+1"]
[EndTime "15:25:18 PDT"]
[Termination "Mikasinski won by resignation"]

1. e4 c6 2. d4 d5 3. e5 c5 4.
dxc5 e6 5. Nf3 Bxc5 6. Bd3 Ne7 7.
Nbd2 Ng6 8. Nb3 Bb6 9. O-O Bc7 10. Re1 Nc6 11. Bg5 Nce7 12. h4 h6 13. Bd2 Nf5 14. Bxf5 exf5 15. Bb4 Nf4 16. g3 Nh3+ 17. Kg2 f4 18. e6 Bxe6 19. Nfd4 Nxf2 20. Nxe6 fxe6 21. Qh5+ Kd7 22. Qf7+ Kc8 23. Qxe6+ Kb8 24. Kxf2 fxg3+ 25. Kg2 a5 26. Be7 Qe8 27. Bd6 Qc6 28. Bxc7+ Qxc7 29. Qe5 a4 30. Nc5 Ra5 31. Qxc7+ Kxc7 32. Ne6+ Kd6 33.
Nxg7 d4 34. Re6+ Kd7 35. Rf1 Rg8 36. Rf7+ Kc8 37. Nf5 Kb8 38. Ree7 Rb5 39. Nd6 Rxb2 40. Rxb7+ Rxb7 41. Rxb7+ Ka8 42. Rb4 Rd8 43. Rxa4+ Kb8 44.
Rxd4 Rd7 45. c4 h5 46. Kxg3 Rg7+ 47. Kf4 Rg4+ 48. Ke5 Rg1 49. Ne4 Rf1 50. c5 Kc7 51.
Rd6 Rc1 52. Rh6 Rg1 53. Rxh5 Kc6 54. Rh6+ Kc7 55. a4 Ra1 56. Ra6 Kb7 57. Ra5 Kc6 58.
Ra6+ Kb7 59. Rb6+ Kc7 60. Rb4 Kc6 61. h5 Rh1 62. Nf6 Re1+ 63. Re4 Rh1 64. Kf5 Kxc5 65.
Kg6 Rg1+ 66. Rg4 Rh1 67. h6 Kb6 68. h7 Rxh7 69. Kxh7 1-0

[Event "Late-Titled-Tuesday-Blitz-March-12-2024"]
[Site "Chess.com"]
[Date "2024.03.12"]
[Round "8"]
[White "PawnEatingZombie"]
[Black "Boninknights"]
[Result "1-0"]
[WhiteElo "2123"]
[BlackElo "2394"]
[TimeControl "180+1"]
[EndTime "15:25:18 PDT"]
[Termination "PawnEatingZombie won by resignation"]

1. e4 e5 2. Nf3 Qe7 3. Nc3 c6 4. Bc4 g6 5. a4 a5 6. O-O Bg7 7. d3 Nf6 8. Bb3 O-O 9. Re1 d6 10.
h3 Nbd7 11. Ne2 Nc5 12. c3 Nxb3 13. Qxb3 Be6 14. Qc2 h6 15. c4 Nd7 16. b3 f5 17.
Bb2 fxe4 18. dxe4 Bxh3 19. Ng3 Be6 20. Rad1 Nc5 21. Rd2 Bg4 22. Nh2 Bc8 23. Ba3 h5 24.
Red1 Rf6 25. Ngf1 Bh6 26. Rxd6 Rxd6 27. Bxc5 Rd2 28. Qxd2 1-0

[Event "Late-Titled-Tuesday-Blitz-March-12-2024"]
[Site "Chess.com"]
[Date "2024.03.12"]
[Round "8"]
[White "Qingdom"]
[Black "katharinareinecke"]
[Result "1-0"]
[WhiteElo "2259"]
[BlackElo "1965"]
[TimeControl "180+1"]
[EndTime "15:25:19 PDT"]
[Termination "Qingdom won by resignation"]

1. d4 d5 2. c4 c6 3. Nf3 Nf6 4. Nc3 e6 5. Bg5 Be7 6. e3 O-O 7. Qc2 h6 8. Bxf6 Bxf6 9. cxd5 cxd5 10. Bd3 Nc6 11. a3 a6 12. O-O b5 13. Nxb5 axb5 14.
Qxc6 Bd7 15. Qc2 Rc8 16. Qd2 Qb6 17. Rfc1 Be7 18. Ne5 Bc6 19. Nxc6 Rxc6 20. Rxc6 Qxc6 21. Rc1 Qb7 22. b4 Ra8 23. Rc3 Ra4 24. Qc1 g6 25. Rc7 Qa6 26. Rxe7 Rxa3 27. Bxb5 Ra1 28. Bxa6 Rxc1+ 29. Bf1 Kf8 30. Ra7 Kg7 31. b5 Rb1 32. Rc7 Kf6 33. g3 h5 34. h4 Kf5 35. Rxf7+ Kg4 36. Kg2 g5 37. Rg7 Kf5 38. Rxg5+ 1-0

[Event "Late-Titled-Tuesday-Blitz-March-12-2024"]
[Site "Chess.com"]
[Date "2024.03.12"]
[Round "8"]
[White "FairChess_on_YouTube"]
[Black "Angry_Twin"]
[Result "1-0"]
[WhiteElo "3121"]
[BlackElo "2979"]
[TimeControl "180+1"]
[EndTime "15:25:21 PDT"]
[Termination "FairChess_on_YouTube won on time"]

1. d4 d5 2. c4 c6 3. Nf3 Nf6 4. Qc2 dxc4 5. e4 b5 6. b3 cxb3 7. axb3 e6 8. Bd3 Be7 9. O-O h6 10. Bd2 a5 11. Nc3 Bb7 12. e5 Nd5 13. Nxd5 Qxd5 14.
Bxa5 O-O 15. Bh7+ Kh8 16. Be4 Qd7 17. Bd2 Rxa1 18. Rxa1 Rc8 19. Ra7 Na6 20. h4 Nb4 21.
Qc1 Bf8 22. Bxb4 Bxb4 23. Qf4 Ra8 24. Rxa8+ Bxa8 25. g4 Bf8 26. g5 Bb7 27. g6 c5 28.
Bxb7 Qxb7 29. Qxf7 Qxf7 30. gxf7 g6 31. dxc5 1-0

[Event "Late-Titled-Tuesday-Blitz-March-12-2024"]
[Site "Chess.com"]
[Date "2024.03.12"]
[Round "8"]
[White "Blitzstream"]
[Black "vugarrasulov"]
[Result "0-1"]
[WhiteElo "2748"]
[BlackElo "2941"]
[TimeControl "180+1"]
[EndTime "15:25:21 PDT"]
[Termination "vugarrasulov won by resignation"]

1. e4 a6 2. Nf3 b5 3. d4 Bb7 4. Bd3 g6 5. h4 h6 6. a4 b4 7. c3 a5 8. Qb3 Na6 9. h5 g5 10. Ne5 e6 11. f4 Rb8 12. O-O bxc3 13.
Qxc3 Bb4 14. Qc2 g4 15. f5 Qh4 16. fxe6 fxe6 17. Rf4 Qxh5 18. Rxg4 Nf6 19. Rf4 Be7 20.
Bxa6 Bxa6 21. Qxc7 Rc8 22. Qxc8+ Bxc8 23. Nc3 d6 24.
Nd3 Ba6 25. Nf2 Rg8 26. Be3 Be2 0-1

[Event "Late-Titled-Tuesday-Blitz-March-12-2024"]
[Site "Chess.com"]
[Date "2024.03.12"]
[Round "8"]
[White "BebeBonito2022"]
[Black "Speed-O-Sonic"]
[Result "0-1"]
[WhiteElo "2302"]
[BlackElo "2453"]
[TimeControl "180+1"]
[EndTime "15:25:21 PDT"]
[Termination "Speed-O-Sonic won by checkmate"]

1. d4 d5 2. c4 e6 3. Nc3 c5 4. cxd5 cxd4 5. Qa4+ Bd7 6. Qxd4 exd5 7. Qxd5 Nf6 8. Qb3 Na6 9. Nf3 Nc5 10. Qc2 Rc8 11. e3 Nce4 12. Bd2 Bb4 13. Bd3 Nxd2 14. Nxd2 Nd5 15.
Qb3 Bxc3 16. bxc3 Nxc3 17. Qxb7 Bc6 18. Qa6 O-O 19. O-O Qg5 20. g3 Rfd8 21. Bc4 Rc7 22.
Bxf7+ Kxf7 23. Qc4+ Qd5 24. Qxc3 Qg2# 0-1

[Event "Late-Titled-Tuesday-Blitz-March-12-2024"]
[Site "Chess.com"]
[Date "2024.03.12"]
[Round "8"]
[White "Caisachess"]
[Black "HaryKane"]
[Result "0-1"]
[WhiteElo "2391"]
[BlackElo "2604"]
[TimeControl "180+1"]
[EndTime "15:25:22 PDT"]
[Termination "HaryKane won by resignation"]

1. e4 e6 2. d4 d5 3. Bd3 dxe4 4. Bxe4 Nd7 5. Ne2 Ngf6 6. Bf3 c5 7. Be3 cxd4 8.
Nxd4 Be7 9. Nc3 O-O 10. g3 Ne5 11. Bg2 Nc4 12. Bc1 Bc5 13. Nb3 Qxd1+ 14. Nxd1 Bb6 15. O-O e5 16. Nd2 Nd6 17. Nc3 Bf5 18. Nf3 Rfe8 19.
Ne1 Rac8 20. Be3 Bxe3 21. fxe3 Bg6 22. Rd1 Nc4 23. Bxb7 Rc7 24. Nd5 Rxb7 25. Rxf6 gxf6 26. Nxf6+ Kf8 27. Nxe8 Kxe8 28. b3 Nxe3 29. Rd6 Nxc2 30. Nf3 Re7 31. Rc6 Nd4 32. Nxd4 exd4 0-1

[Event "Late-Titled-Tuesday-Blitz-March-12-2024"]
[Site "Chess.com"]
[Date "2024.03.12"]
[Round "8"]
[White "Lady_Nika"]
[Black "Kosak12"]
[Result "1-0"]
[WhiteElo "2596"]
[BlackElo "2773"]
[TimeControl "180+1"]
[EndTime "15:25:25 PDT"]
[Termination "Lady_Nika won by resignation"]

1. e4 Nc6 2. d4 d5 3. e5 Bf5 4. c3 e6 5. Bd3 Nge7 6. f4 h6 7.
Nf3 Qd7 8. O-O O-O-O 9. b4 f6 10.
a4 fxe5 11. Nxe5 Nxe5 12. fxe5 g5 13. a5 Bg7 14. b5 Rhf8 15. Ba3 Rf7 16. Bxe7 Qxe7 17.
Bxf5 exf5 18. b6 cxb6 19. axb6 a6 20. Qd3 Qe6 21. Nd2 Kb8 22. Rfb1 Rc8 23. Ra3 Bf8 24. Ra4 Qc6 25. Ra5 Qxc3 26. Qxc3 Rxc3 27. Rxd5 Kc8 28. e6 Rf6 29. Re1 Be7 30. Rd7 Rxe6 31. Rxe7 Rxe1+ 32. Rxe1 Rd3 33. Nf3 Kd8 34. Re5 g4 35. Rd5+ Ke7 36.
Ne5 Rd1+ 37. Kf2 Ke6 38. Rd7 a5 39. Rxb7 Rxd4 40. Re7+ Kf6 41. Nc6 Rd2+ 42. Re2 Rd3 43. Rb2 1-0

[Event "Late-Titled-Tuesday-Blitz-March-12-2024"]
[Site "Chess.com"]
[Date "2024.03.12"]
[Round "8"]
[White "BlueWizzard"]
[Black "Alexei_Gubajdullin"]
[Result "1-0"]
[WhiteElo "2876"]
[BlackElo "2653"]
[TimeControl "180+1"]
[EndTime "15:25:26 PDT"]
[Termination "BlueWizzard won by resignation"]

1. d4 Nf6 2. Nc3 g6 3. Bf4 Bg7 4. e4 d6 5. Be2 O-O 6. h4 h5 7. e5 Ng4 8. Bxg4 Bxg4 9. f3 Bd7 10. g4 hxg4 11. h5 gxh5 12. Rxh5 Qe8 13. fxg4 f6 14.
Qd3 f5 15. Rg5 Nc6 16. O-O-O fxg4 17. Nge2 Nb4 18. Qc4+ e6 19. Qxb4 Rf5 20. Rxg4 Qh5 21. Rdg1 Rf7 22. Ne4 Kh8 23. Qe1 Qf5 24. Qh4+ Kg8 25.
Bh6 Kf8 26. Bxg7+ Ke8 27. Qh8+ 1-0

[Event "Late-Titled-Tuesday-Blitz-March-12-2024"]
[Site "Chess.com"]
[Date "2024.03.12"]
[Round "8"]
[White "dealshark"]
[Black "HajiyevKanan"]
[Result "0-1"]
[WhiteElo "2332"]
[BlackElo "2519"]
[TimeControl "180+1"]
[EndTime "15:25:26 PDT"]
[Termination "HajiyevKanan won by checkmate"]

1. d4 c6 2. c4 d5 3. cxd5 cxd5 4. Bf4 Nf6 5. e3 a6 6. Nc3 Nc6 7. Be2 Bf5 8. Nf3 e6 9. O-O Bd6 10. Bxd6 Qxd6 11. Rc1 O-O 12. Na4 Nd7 13. a3 Rfc8 14. Nc5 Nxc5 15. Rxc5 Bg4 16. Qd2 Ne7 17. b4 Bxf3 18.
Bxf3 b6 19. Rc3 Rxc3 20. Qxc3 Rc8 21. Qd3 b5 22. g3 g6 23. h4 h5 24. Kg2 Rc4 25.
Be2 Qc7 26. Ra1 Rc3 27. Qd2 Rc2 28. Qd3 Nf5 29. a4 Rc3 30. Qd2 Rxe3 31. axb5 Rxg3+ 32. Kf1 Rh3 33. Bf3 Rxf3 34. bxa6 Qh2 35. a7 Ng3+ 36. Ke1 Qg1# 0-1

[Event "Late-Titled-Tuesday-Blitz-March-12-2024"]
[Site "Chess.com"]
[Date "2024.03.12"]
[Round "8"]
[White "Hikaru"]
[Black "Vladimir_Zakhartsov"]
[Result "1-0"]
[WhiteElo "3246"]
[BlackElo "2935"]
[TimeControl "180+1"]
[EndTime "15:25:31 PDT"]
[Termination "Hikaru won by resignation"]

1. d4 Nf6 2. Bg5 d5 3. e3 Nbd7 4. c4 e6 5. cxd5 exd5 6. Bd3 h6 7. Bh4 Be7 8. Nc3 c6 9. Nf3 Ne4 10.
Bxe7 Qxe7 11. Qc2 Nd6 12. O-O O-O 13. b4 a6 14. a4 Rb8 15. b5 axb5 16. axb5 Nb6 17.
bxc6 bxc6 18. Ne5 Bd7 19. Ra7 Qe6 20. Ne2 Ndc4 21. Nxd7 Nxd7 22. Bh7+ Kh8 23. Bf5 Rb2 24. Qxb2 Qxf5 25. Qb1 Qg4 26. Ng3 Nf6 27. Qf5 Qxf5 28. Nxf5 g6 29. Ne7 Kg7 30. Nxc6 Rc8 31. Ne5 Nd6 32. h3 Nfe4 33. Rd7 Nf5 34. Rxf7+ Kg8 35. Ra7 Nc3 36. Nxg6 Ne2+ 37. Kh2 Rc2 38. Ne7+ 1-0

[Event "Late-Titled-Tuesday-Blitz-March-12-2024"]
[Site "Chess.com"]
[Date "2024.03.12"]
[Round "8"]
[White "Flaccidmoves"]
[Black "Zavgorodniy_Sergiy"]
[Result "0-1"]
[WhiteElo "2426"]
[BlackElo "2613"]
[TimeControl "180+1"]
[EndTime "15:25:31 PDT"]
[Termination "Zavgorodniy_Sergiy won by resignation"]

1. Nf3 d5 2. d4 Nf6 3. Bf4 e6 4.
c4 dxc4 5. e3 a6 6. Bxc4 b5 7.
Bb3 Bb7 8. O-O Nbd7 9. a4 c5 10.
axb5 axb5 11. Nc3 Bc6 12. Ne5 Nxe5 13. dxe5 Nd5 14. Nxd5 Bxd5 15. Bxd5 exd5 16. Qg4 h5 17. Qh3 Be7 18. e6 Bf6 19. Rxa8 Qxa8 20. exf7+ Kxf7 21.
Qd7+ Kg6 22. Qxb5 Rc8 23. Rd1 d4 24. exd4 Bxd4 25. Qd3+ Kf7 26. Qc4+ Kg6 27. Qe6+ Kh7 28. Qf5+ Kg8 29. Qxh5 Bxb2 30. h4 Bf6 31. Bg5 Qc6 32. Qg6 Bxg5 33. Rd8+ Bxd8 0-1

[Event "Late-Titled-Tuesday-Blitz-March-12-2024"]
[Site "Chess.com"]
[Date "2024.03.12"]
[Round "8"]
[White "GlavkonVVS"]
[Black "Bkmzzzzz"]
[Result "1-0"]
[WhiteElo "2610"]
[BlackElo "2401"]
[TimeControl "180+1"]
[EndTime "15:25:32 PDT"]
[Termination "GlavkonVVS won by resignation"]

1. c4 e5 2. Nc3 d6 3. g3 f5 4.
Bg2 Nf6 5. d3 g6 6. Rb1 c6 7.
Nf3 Bg7 8. O-O O-O 9. b4 a6 10. a4 h6 11. c5 Nd5 12. Nxd5 cxd5 13. Qb3 Be6 14. e4 fxe4 15. dxe4 Bf7 16. exd5 dxc5 17.
Nh4 cxb4 18. Qxb4 Bxd5 19. Rd1 Nc6 20. Bxd5+ Qxd5 21. Rxd5 Nxb4 22. Rxb4 Rac8 23. Be3 g5 24. Ng6 Rfe8 25. Rxb7 Rc4 26. Ne7+ Kh8 27. Nf5 1-0

[Event "Late-Titled-Tuesday-Blitz-March-12-2024"]
[Site "Chess.com"]
[Date "2024.03.12"]
[Round "8"]
[White "Mikhail_Golubev"]
[Black "DanielNaroditsky"]
[Result "0-1"]
[WhiteElo "2681"]
[BlackElo "3065"]
[TimeControl "180+1"]
[EndTime "15:25:33 PDT"]
[Termination "DanielNaroditsky won by resignation"]

1. e4 Nf6 2. e5 Nd5 3. d4 d6 4. Nf3 dxe5 5. Nxe5 c6 6. Bc4 Nd7 7. Nf3 N7f6 8. h3 Bf5 9. O-O e6 10. Bd3 Bxd3 11. Qxd3 Bd6 12. c4 Ne7 13. Rd1 h6 14. Nc3 O-O 15. Qe2 Qc7 16. b3 Rad8 17. Bb2 Nf5 18. Ne4 Be7 19. Rac1 Qf4 20. Nxf6+ Bxf6 21. g3 Qb8 22. Rd3 Rd7 23. Rcd1 Rfd8 24. Ne5 Bxe5 25. dxe5 Qc7 26. Qe4 Rxd3 27. Rxd3 Rxd3 28. Qxd3 Qa5 29. g4 Nh4 30. Bc3 Qc7 31. Qd6 Qc8 32.
Kh2 c5 33. Kg3 Ng6 34. h4 b6 35. h5 Nf8 36. f4 Qa8 37. f5 exf5 38. gxf5 Qe4 39. f6 Qe3+ 40. Kh2 Qxc3 41. e6 Qxf6 0-1

[Event "Late-Titled-Tuesday-Blitz-March-12-2024"]
[Site "Chess.com"]
[Date "2024.03.12"]
[Round "8"]
[White "APOKALIPSA13"]
[Black "mortngabriel"]
[Result "1-0"]
[WhiteElo "2206"]
[BlackElo "2488"]
[TimeControl "180+1"]
[EndTime "15:25:34 PDT"]
[Termination "APOKALIPSA13 won on time"]

1. d4 d5 2. c4 e6 3. Nc3 Nf6 4. Nf3 Nbd7 5. g3 Bb4 6. Bg2 O-O 7. O-O dxc4 8. Qa4 a5 9. a3 Bxc3 10. bxc3 Nb6 11. Qc2 Bd7 12. e4 Ba4 13. Qe2 Bb3 14. Bg5 h6 15. Bh4 Na4 16. Rfc1 Qd7 17. Ne5 Qb5 18. Bxf6 gxf6 19. Qg4+ Kh7 20. Nf3 Nb2 21. Qh4 Nd3 22. Rcb1 Kg7 23. a4 Qd7 24. e5 Qe7 25.
Nd2 Bc2 26. Rxb7 1-0

[Event "Late-Titled-Tuesday-Blitz-March-12-2024"]
[Site "Chess.com"]
[Date "2024.03.12"]
[Round "8"]
[White "TokChess"]
[Black "bascheyaro"]
[Result "0-1"]
[WhiteElo "2612"]
[BlackElo "2797"]
[TimeControl "180+1"]
[EndTime "15:25:40 PDT"]
[Termination "bascheyaro won by resignation"]

1. c4 e5 2. g3 c5 3. Bg2 Nc6 4.
Nc3 g6 5. Nf3 Bg7 6. O-O Nge7 7.
a3 O-O 8. Rb1 f5 9. d3 d6 10.
Bg5 h6 11. Bxe7 Nxe7 12. Qc2 Rb8 13. b4 b6 14. Nd2 Bb7 15. Nd5 Nxd5 16. cxd5 Kh7 17. Qa4 Ra8 18. Nc4 a6 19. Qc2 Rc8 20. Qb2 e4 21. Qb3 Bxd5 22. Qd1 cxb4 23. Rxb4 b5 24. Ne3 Bc6 25. dxe4 a5 26. Rb1 fxe4 27. Nc2 Qf6 28. e3 Qc3 29. Qe2 Qd3 30. Rfe1 Bc3 31. Qxd3 exd3 32. Nd4 Bxg2 0-1

[Event "Late-Titled-Tuesday-Blitz-March-12-2024"]
[Site "Chess.com"]
[Date "2024.03.12"]
[Round "8"]
[White "Defenstrator"]
[Black "DonBroca"]
[Result "1-0"]
[WhiteElo "2426"]
[BlackElo "2244"]
[TimeControl "180+1"]
[EndTime "15:25:41 PDT"]
[Termination "Defenstrator won by checkmate"]

1. Nf3 c5 2. d4 cxd4 3. g3 Nc6 4. Bg2 g6 5. Nxd4 Bg7 6. Nxc6 bxc6 7. c4 Nf6 8. O-O d5 9. Qa4 Bd7 10. Nc3 O-O 11.
Rd1 e6 12. e4 Qc7 13. Bf4 e5 14. Bg5 d4 15. Ne2 Rab8 16. Qc2 h6 17. Bxf6 Bxf6 18. a3 c5 19. Nc1 Rb7 20. Nd3 Rfb8 21. b4 Be6 22. Nxc5 Rb6 23. Nxe6 Rxe6 24. c5 a5 25. Qc4 axb4 26. axb4 Reb6 27. Rab1 Kg7 28. Rdc1 Rb5 29. Bf1 Bg5 30. Rc2 Qc6 31. f4 exf4 32. Qxd4+ Kh7 33. Bxb5 Qxb5 34. c6 fxg3 35. c7 Rc8 36. hxg3 Qe8 37.
Rf1 f5 38. e5 Qe7 39. Qd6 Be3+ 40. Kg2 Qg5 41. Qd7+ Kh8 42. Qxc8+ Kg7 43. Qd7+ Kg8 44. c8=Q+ Qd8 45. Qcxd8# 1-0

[Event "Late-Titled-Tuesday-Blitz-March-12-2024"]
[Site "Chess.com"]
[Date "2024.03.12"]
[Round "8"]
[White "ncofre98"]
[Black "AccioChess"]
[Result "1-0"]
[WhiteElo "2616"]
[BlackElo "2446"]
[TimeControl "180+1"]
[EndTime "15:25:43 PDT"]
[Termination "ncofre98 won on time"]

1. c4 e5 2. g3 Nf6 3. Bg2 d5 4. cxd5 Nxd5 5. Nc3 Nb6 6. Nf3 Nc6 7. O-O Bd6 8. Rb1 O-O 9. b4 Nxb4 10. Nxe5 Bxe5 11. Rxb4 Bxc3 12. dxc3 Qxd1 13. Rxd1 c6 14. c4 Re8 15. Be3 Be6 16. c5 Nd5 17. Rxb7 a5 18.
Bd4 a4 19. a3 h5 20. h3 Red8 21. Rd2 Rab8 22. Rdb2 Rxb7 23. Rxb7 h4 24. e3 hxg3 25. fxg3 f6 26. g4 Kf8 27. Bf3 Ne7 28. Kg2 Bb3 29.
Kg3 Bd5 30. Bd1 Ra8 31. h4 Ng6 32. Bc2 Ne5 33. g5 Nc4 34. gxf6 gxf6 35. h5 Nxa3 36. h6 1-0

[Event "Late-Titled-Tuesday-Blitz-March-12-2024"]
[Site "Chess.com"]
[Date "2024.03.12"]
[Round "8"]
[White "KyronGriffith"]
[Black "jcibarra"]
[Result "0-1"]
[WhiteElo "2688"]
[BlackElo "2914"]
[TimeControl "180+1"]
[EndTime "15:25:45 PDT"]
[Termination "jcibarra won by resignation"]

1. e4 c5 2. Nc3 a6 3. Nf3 e6 4.
d4 cxd4 5. Nxd4 b5 6. g3 Bb7 7.
Bg2 Ne7 8. O-O Nec6 9. Re1 Nxd4 10. Qxd4 Nc6 11. Qd3 Ne5 12. Qe2 Bc5 13. Be3 Qc7 14. Rad1 O-O 15. a3 d6 16. h3 Rac8 17. Bf4 Rfd8 18.
Kh2 h6 19. a4 Qb6 20. Rf1 b4 21. Nb1 a5 22. c4 b3 23. Nd2 Ba6 24. Rc1 Bd4 25. Be3 Bxe3 26. fxe3 Qb4 27. Qf2 Bxc4 28. Nxc4 Rxc4 29. Rxc4 Qxc4 30. Ra1 Qc2 31. Kg1 Rc8 0-1

[Event "Late-Titled-Tuesday-Blitz-March-12-2024"]
[Site "Chess.com"]
[Date "2024.03.12"]
[Round "8"]
[White "emeli_chess"]
[Black "AmanteDeMoi"]
[Result "0-1"]
[WhiteElo "2396"]
[BlackElo "2594"]
[TimeControl "180+1"]
[EndTime "15:25:46 PDT"]
[Termination "AmanteDeMoi won by resignation"]

1. d4 g6 2. c4 Bg7 3. Nc3 d6 4. e4 e5 5. Nge2 Nc6 6. d5 Nce7 7. f3 f5 8. Be3 Nf6 9. Qd2 O-O 10. exf5 gxf5 11.
O-O-O f4 12. Bf2 Nf5 13. Kb1 Qe8 14. Nc1 Qg6 15. Bd3 a6 16. Ne4 Nxe4 17. Bxe4 Qg5 18.
g4 Ne3 19. h4 Qh6 20. g5 Qh5 21. Bxe3 fxe3 22. Qxe3 Bf5 23. Ne2 Bg6 24. Ng3 Qxf3 25. Qxf3 Rxf3 26. Bxg6 hxg6 27. Ne4 Rf4 28. Rde1 Raf8 29. h5 gxh5 30. Rxh5 Rf1 31. Rxf1 Rxf1+ 32. Kc2 Kf7 33. Rh2 Kg6 34. Kd3 Rf3+ 35. Ke2 Rf4 36. Ke3 Kf5 37. Nc3 e4 38. Rf2 Rxf2 39. Kxf2 Bxc3 40. bxc3 Kxg5 41. Ke3 Kf5 42. a4 b6 43. Kd4 Kf4 44. a5 e3 0-1

[Event "Late-Titled-Tuesday-Blitz-March-12-2024"]
[Site "Chess.com"]
[Date "2024.03.12"]
[Round "8"]
[White "Misterfox120"]
[Black "Statham_01"]
[Result "0-1"]
[WhiteElo "2387"]
[BlackElo "2591"]
[TimeControl "180+1"]
[EndTime "15:25:46 PDT"]
[Termination "Statham_01 won on time"]

1. d4 e6 2. Bf4 c5 3. e3 Nf6 4. Nf3 Nc6 5. Nbd2 cxd4 6. exd4 Qb6 7. Nb3 a5 8. a4 d5 9. Be2 Qd8 10. O-O Bd6 11. Ne5 Qc7 12. Re1 O-O 13. Bd3 Nb4 14.
c3 Nxd3 15. Qxd3 Nd7 16. Nxd7 Bxd7 17. Bxd6 Qxd6 18. Nc5 Bc6 19. Qg3 Qxg3 20. hxg3 b6 21. Nd3 Rfe8 22. Ne5 Bb7 23. f4 f6 24. Nf3 Kf7 25.
Kf2 Bc6 26. g4 Reb8 27. g5 b5 28. gxf6 gxf6 29. axb5 Rxb5 30. Reb1 Rab8 31. Ra2 a4 32. Nd2 R5b7 0-1